 Dungeon Crawl Stone Soup version 0.32-a0-350-g4f4d228785 (webtiles) character file.

Game seed: 4555242017742211878

834 Asceticacid the Chopper (level 7, -1/60 HPs)
             Began as a Mountain Dwarf Fighter on Feb 17, 2024.
             Was a Believer of Okawaru.
             Succumbed to a kobold brigand's poison
             ... on level 5 of the Dungeon.
             The game lasted 00:03:52 (3877 turns).

Asceticacid the Chopper (Mountain Dwarf Fighter)    Turns: 3877, Time: 00:03:53

Health: -1/60      AC: 12    Str: 18    XL:     7   Next: 66%
Magic:  7/7        EV:  5    Int:  9    God:    Okawaru [**....]
Gold:   189        SH:  6    Dex: 17    Spells: 6/6 levels left

rFire   . . .        a - +1 war axe
rCold   . . .        c - +1 buckler
rNeg    . . .        j - +0 plate armour
rPois   .            (no helmet)
rElec   .            (no cloak)
rCorr   +            (no gloves)
SInv    .            (no boots)
Will    .....        (no amulet) Stlth
                     i - +6 ring of dexterity
HPRegen 0.30/turn    s - ring of resist corrosion
MPRegen 0.10/turn

%: no passive effects
@: lethally poisoned (-1 -> -22), slowed, very slow
A: runic magic, artefact enchanting
a: Renounce Religion, Heroism


You were on level 5 of the Dungeon.
You worshipped Okawaru.
Okawaru was pleased with you.
You visited 1 branch of the dungeon, and saw 5 of its levels.

You collected 189 gold pieces.

Inventory:

Hand Weapons
 a - a +1 war axe (weapon)
Missiles
 h - 15 poisoned darts (quivered)
Armour
 c - a +1 buckler (worn)
 j - a +0 plate armour (worn)
Jewellery
 i - a +6 ring of dexterity (left hand)
 o - a ring of fire
 s - a ring of resist corrosion (right hand)
Wands
 e - a wand of digging (5)
 v - a wand of roots (10)
Scrolls
 b - a scroll of enchant armour
 f - 2 scrolls of teleportation
 l - 2 scrolls of brand weapon {unknown}
 n - 3 scrolls of poison
 u - a scroll of fog {unknown}
Potions
 d - a potion of might
 g - a potion of degeneration
 k - 2 potions of curing
 m - 2 potions of attraction
 p - 2 potions of enlightenment {unknown}
 q - a potion of ambrosia {unknown}
 r - 2 potions of mutation {unknown}
 t - a potion of magic {unknown}


   Skills:
 + Level 4.8 Fighting
 + Level 7.5 Axes
 + Level 0.3 Throwing
 + Level 5.6 Armour
 + Level 0.4 Dodging
 + Level 4.6 Shields


You had 6 spell levels left.
You didn't know any spells.
Your spell library contained the following spells:

 Spells                   Type           Power      Damage    Failure   Level
 Ensorcelled Hibernation  Hex/Ice        0%         N/A       88%         2
 Lesser Beckoning         Tloc           0%         N/A       88%         2
 Fugue of the Fallen      Necr           0%         N/A       98%         3
 Gell's Gravitas          Tloc           0%         N/A       98%         3
 Ozocubu's Armour         Ice            0%         N/A       98%         3
 Passwall                 Erth           0%         N/A       98%         3
 Swiftness                Air            0%         N/A       98%         3
 Teleport Other           Tloc           0%         N/A       98%         3
 Manifold Assault         Tloc           0%         N/A       100%        4


Dungeon Overview and Level Annotations

Branches:
Dungeon (5/15)             Temple (0/1) D:4

Altars:
Okawaru
Uskayaw

Annotations:
D:1 1 transporter


Innate Abilities, Weirdness & Mutations

Your spellcasting is much less encumbered by armour.
You can use scrolls of enchantment on lesser artefacts.


Message History

The kobold brigand throws a poisoned dart.
The poisoned dart hits you!
You are poisoned.
The kobold brigand throws a curare-tipped dart.
You block the curare-tipped dart.
The kobold brigand throws a poisoned dart.
The poisoned dart barely misses you.
The kobold brigand throws a curare-tipped dart.
The curare-tipped dart hits you.
You are more poisoned.
You have difficulty breathing.
You feel yourself slow down.
You feel extremely sick.
The kobold brigand throws a curare-tipped dart.
The curare-tipped dart barely misses you.
The kobold throws a stone.
The stone barely misses you.
The kobold brigand throws a curare-tipped dart.
The curare-tipped dart hits you.
You are more poisoned.
You have difficulty breathing.
You feel as though you will be slow longer.
The kobold brigand throws a poisoned dart.
The poisoned dart barely misses you.
You feel extremely sick.
The kobold brigand throws a curare-tipped dart.
The curare-tipped dart closely misses you.
You feel extremely sick.
* * * LOW HITPOINT WARNING * * *
You feel very sick.
The kobold brigand throws a curare-tipped dart.
The curare-tipped dart hits you.
You are lethally poisoned!
You have difficulty breathing.
* * * LOW HITPOINT WARNING * * *
You feel as though you will be slow longer.
* * * LOW HITPOINT WARNING * * *
You feel very sick.
The kobold brigand throws a poisoned dart.
The poisoned dart hits you!
You are more poisoned.
You die...

#...#
#######
##'''##
#..KK.#
###K###
#.K# #.##
#######.#
........###
.<......@.#
........#.#
........#.#
........#.#
........#.#
........#.#
.......<#.#
........#.#
#.#


There were no monsters in sight!

Vanquished Creatures
  Eustachio (D:5)
  Menkaure (D:5)
  An ogre (D:5)
  Blork the orc (D:4)
  2 bombardier beetles
  A hound (D:5)
  A jelly (D:5)
  2 sleepcaps
  Natasha (D:3)
  An iguana (D:5)
  4 adders
  2 ufetubi (D:5)
  5 dart slugs
  A ribbon worm (D:4)
  9 orcs
  6 endoplasms
  4 giant cockroaches
  5 goblins
  6 hobgoblins
  5 kobolds
  3 quokkas (D:3)
  6 ball pythons
  5 bats
  3 frilled lizards (D:3)
  8 rats
84 creatures vanquished.

Notes
Turn   | Place    | Note
-------+----------+-------------------------------------------
     0 | D:1      | Asceticacid the Mountain Dwarf Fighter began the quest for
                  | the Orb.
     0 | D:1      | Reached XP level 1. HP: 19/19 MP: 1/1
    87 | D:1      | Reached XP level 2. HP: 25/26 MP: 2/2
   197 | D:1      | Reached XP level 3. HP: 27/31 MP: 3/3
   236 | D:1      | Reached skill level 3 in Axes
   856 | D:2      | Reached XP level 4. HP: 40/40 MP: 4/4
   969 | D:2      | Found a faded altar of an unknown god.
  1136 | D:2      | Prayed at the altar of an unknown god.
  1136 | D:2      | Became a worshipper of Warmaster Okawaru
  1136 | D:2      | Reached * piety under Okawaru
  1666 | D:3      | Noticed Natasha
  1708 | D:3      | Found an iron altar of Okawaru.
  1712 | D:3      | Reached skill level 4 in Axes
  1792 | D:3      | Killed Natasha
  2071 | D:3      | Reached XP level 5. HP: 46/46 MP: 5/5
  2162 | D:4      | Found a hide-covered altar of Uskayaw.
  2293 | D:4      | Noticed Blork the orc
  2305 | D:4      | Killed Blork the orc
  2306 | D:4      | Reached skill level 5 in Axes
  2395 | D:4      | Reached XP level 6. HP: 52/52 MP: 6/6
  2406 | D:4      | Found a staircase to the Ecumenical Temple.
  2750 | D:5      | Entered Level 5 of the Dungeon
  2985 | D:5      | Reached skill level 6 in Axes
  3061 | D:5      | Noticed Menkaure
  3074 | D:5      | Killed Menkaure
  3074 | D:5      | Reached ** piety under Okawaru
  3075 | D:5      | Reached XP level 7. HP: 15/60 MP: 7/7
  3270 | D:5      | Reached skill level 7 in Axes
  3270 | D:5      | Reached skill level 5 in Armour
  3684 | D:5      | Noticed Eustachio
  3753 | D:5      | Killed Eustachio
  3877 | D:5      | Succumbed to a kobold brigand's poison

Illustrated notes

Levels and vault maps discovered:
D:1:      spicycebolla_arrival_risky_transporter, layout_loops_ring
D:2:      layout_basic, shapermc_ecumenical_altar_mp_urbaneastern,
          minmay_indecisive_spiral
D:3:      layout_basic, okawaru_trees_1, minmay_bisected, uniq_natasha
D:4:      layout_rooms, nicolae_uskayaw_dance_hall,
          minmay_temple_entry_antechambers, uniq_blork_the_orc
D:5:      cheibrodos_fertilizer, layout_basic, chequers_serial_rivers_small_3,
          uniq_menkaure, uniq_eustachio

Skill      XL: |  1  2  3  4  5  6  7 |
---------------+----------------------+-----
Armour         | 4 5 |  5.6
Axes           | 3 4 5 6 7 |  7.5
Shields        | 4 |  4.6
Fighting       | 4 |  4.8
Throwing       | |  0.3
Dodging        | |  0.4

Action                     |  1- 3 |  4- 6 |  7- 9 || total
---------------------------+-------+-------+-------++-------
  Melee: War axe           |    74 |   134 |    86 ||   294
  Throw: Dart              |       |     2 |     7 ||     9
 Invoke: Heroism           |       |       |     1 ||     1
    Use: Scroll            |       |     8 |       ||     8
 Armour: Scale mail        |    41 |       |       ||    41
         Plate armour      |    17 |   140 |    88 ||   245
  Dodge: Dodged            |    38 |    33 |    35 ||   106
  Block: Buckler           |    30 |    42 |    25 ||    97

Table legend: (Time is in decaauts)
 A = Elapsed time spent in this place.
 B = Non-inter-level travel time spent in this place.
 C = Inter-level travel time spent in this place.
 D = Time resting spent in this place.
 E = Time spent auto-exploring this place.
 F = Levels seen in this place.
 G = Mean time per level.
                   A        B        C        D        E       F      G
               +--------+--------+--------+--------+--------+-----+--------+
         Total |   3973 |   3856 |    117 |    150 |   2868 |   5 |  794.6 |
       Dungeon |   3973 |   3856 |    117 |    150 |   2868 |   5 |  794.6 |
               +--------+--------+--------+--------+--------+-----+--------+

Top non-repeatable levels by time:
     D:5: 1154 daAuts
     D:3: 1020 daAuts
     D:1: 717 daAuts
     D:4: 611 daAuts
     D:2: 470 daAuts
